 Dungeon Crawl Stone Soup version 0.27-a0-1081-ge8a0a9c698 (console) character file.

Game seed: 7126284084371495181

1419245 MakMorn the Sorcerer (level 27, 220/220 HPs)
             Began as a Djinni Venom Mage on Mar 26, 2021.
             Was a Priest of Ashenzari.
             Escaped with the Orb
             ... and 3 runes on Apr 25, 2021!
             The game lasted 10:39:26 (110745 turns).

MakMorn the Sorcerer (Djinni Venom Mage)          Turns: 110745, Time: 10:39:27

Health: 220/220    AC: 34    Str: 10    XL:     27
Gold:   5682       EV: 12    Int: 38    God:    Ashenzari [***...] SH: 15 Dex: 16

rFire    + + .     SeeInvis +   a - +8 broad axe {speed, Will+, Self, Cun} (curse)
rCold    + . .     Faith    .   i - +2 kite shield of Ashenzari's Planets {rC+, Fort, Melee} (curse)
rNeg     . . .     Spirit   .   d - +7 chain mail "Shattered Shame" {Int+5, Fort, Melee} (curse)
rPois    ∞         Reflect  .   h - +2 helmet {Int+3}
rElec    .         Harm     .   e - +2 cloak {rCorr}
rCorr    +         Rampage  .   g - +1 pair of gloves of Supernal Knowledge {Str+3, Melee, Fort} (curse)
Will     ++++.     Clarity  +   (boots unavailable)
Stlth    ..........             n - amulet of Miumonism {Will+ Regen+}
HPRegen  1.46/turn              W - ring of wizardry
MPRegen  0.00/turn              t - ring of Ashenzari's Stoicism {rC+, Fort, Melee} (curse)

@: on dragon call cooldown, flying, studying 3 skills
A: fire resistance 2, cold vulnerability 1, float, innate caster, hp casting,
extra vitality 1, clarity, clever 1, passive freeze
0: Orb of Zot
}: 3/15 runes: barnacled, silver, gossamer
a: Renounce Religion, Curse Item, Shatter the Chains


You escaped.
You worshipped Ashenzari.
Ashenzari was most pleased with you.
You visited 9 branches of the dungeon, and saw 49 of its levels.
You also visited: Trove, Bailey and Gauntlet.

You collected 9769 gold pieces.
You spent 4087 gold pieces at shops.

Inventory:

Hand Weapons
 a - the cursed +8 mithril axe "Arga" (weapon) {speed, Will+, Self, Cun}
   (You bought it in a shop on level 2 of the Orcish Mines)

   Attacks with this weapon are significantly faster.
   It increases your willpower.
   It has a curse which improves the following skills: Introspection: Fighting
   and Spellcasting.
   Cunning:   Dodging and Stealth.
Missiles
 o - 192 boomerangs (quivered)
 q - 32 boomerangs of dispersal
Armour
 d - the cursed +7 chain mail "Shattered Shame" (worn) {Int+5, Fort, Melee}
   (You found it on level 2 of the Shoals)

   It affects your intelligence (+5).
   It has a curse which improves the following skills: Fortitude: Armour and
   Shields.
   Melee Combat: Short Blades, Long Blades, Axes, Maces & Flails, Polearms,
   Staves and Unarmed Combat.
 e - a +2 cloak of preservation (worn)
 g - the cursed +1 pair of gloves of Supernal Knowledge (worn) {Str+3, Melee, Fort}
   (You found it in a Gauntlet)

   It has a curse which improves the following skills: Melee Combat: Short
   Blades, Long Blades, Axes, Maces & Flails, Polearms, Staves and Unarmed
   Combat.
   Fortitude: Armour and Shields.
 h - a +2 helmet of intelligence (worn)
 i - the cursed +2 kite shield of Ashenzari's Planets (worn) {rC+, Fort, Melee}
   (You took it off a gnoll sergeant on level 7 of the Dungeon)

   It has a curse which improves the following skills: Fortitude: Armour and
   Shields.
   Melee Combat: Short Blades, Long Blades, Axes, Maces & Flails, Polearms,
   Staves and Unarmed Combat.
Jewellery
 n - the amulet of Miumonism (around neck) {Will+ Regen+}
   (You found it in a treasure trove)

   [amulet of regeneration]

   It increases your rate of health regeneration.
   It increases your willpower.
 t - the cursed ring of Ashenzari's Stoicism (right hand) {rC+, Fort, Melee}
   (You bought it in a shop on level 1 of the Shoals)

   [ring of protection from cold]

   It protects you from cold.
   It has a curse which improves the following skills: Fortitude: Armour and
   Shields.
   Melee Combat: Short Blades, Long Blades, Axes, Maces & Flails, Polearms,
   Staves and Unarmed Combat.
 E - the ring of Defaf {rElec SInv}
   (You took it off a deep elf annihilator on level 3 of the Elven Halls)

   [ring of see invisible]

   It insulates you from electricity.
   It lets you see invisible.
 I - a ring of resist corrosion
 W - a ring of wizardry (left hand)
Wands
 x - a wand of flame (90)
 D - a wand of digging (18)
 J - a wand of acid (36)
 L - a wand of mindburst (37)
 Q - a wand of iceblast (50)
Scrolls
 b - a scroll of enchant weapon
 c - 6 scrolls of blinking
 f - 4 scrolls of holy word
 l - 4 scrolls of noise
 y - 6 scrolls of fog
 A - a scroll of summoning
 T - 25 scrolls of teleportation
 V - 7 scrolls of fear
Potions
 j - 3 potions of curing
 k - 23 potions of heal wounds
 u - 8 potions of might
 w - 16 potions of haste
 G - 7 potions of brilliance
 H - 2 potions of invisibility
 M - 5 potions of cancellation
 N - 4 potions of resistance
 O - 5 potions of berserk rage
 P - 8 potions of ambrosia
 S - 10 potions of mutation
Miscellaneous
 p - a box of beasts
 r - a tin of tremorstones (2/2)
 v - a lightning rod (4/4)
 F - a phantom mirror


   Skills:
 - Level 23.2(24.5) Fighting
 + Level 20.6(24.1) Axes
 - Level 20.4(24.0) Armour
 - Level 17.0(18.4) Dodging
 - Level 1.5(2.9) Stealth
 - Level 10.6(15.0) Shields
 - Level 23.2(24.5) Spellcasting


You couldn't memorise any spells.
You knew the following spells:

 Your Spells              Type           Power      Damage    Failure   Level
a - Shock                 Conj/Air       100%       1d9       0%          1
b - Fireball              Conj/Fire      62%        3d24      0%          5
c - Mephitic Cloud        Conj/Pois/Air  100%       N/A       0%          3
d - Dragon's Call         Summ           62%        N/A       6%          9
f - Cause Fear            Hex            62%        N/A       0%          4
i - Ignite Poison         Fire/Tmut/Pois 100%       N/A       0%          3
l - Lee's Rapid Deconstr  Erth           62%        3d29*     0%          5
p - Poisonous Vapours     Pois/Air       100%       N/A       0%          2
s - Sting                 Tmut/Pois      100%       1d8       0%          1
w - Wereblood             Tmut           100%       N/A       0%          2
z - Absolute Zero         Ice            62%        ∞         6%          9
B - Blink                 Tloc           N/A        N/A       0%          2
D - Orb of Destruction    Conj           62%        9d17      1%          7
H - Summon Hydra          Summ           62%        N/A       1%          7
I - Iron Shot             Conj/Erth      62%        9d12      1%          6
J - Disjunction           Tloc           62%        N/A       1%          8
L - Conjure Ball Lightni  Conj/Air       62%        3x3d22    1%          6
O - Olgreb's Toxic Radia  Pois           100%       N/A       0%          4
Your spell library was empty.

Dungeon Overview and Level Annotations

Branches:
Dungeon (15/15)            Temple (0/1) D:7            Lair (6/6) D:8
 Shoals (4/4) Lair:4       Spider (4/4) Lair:4        Slime (0/5) Lair:6
    Orc (2/2) D:10            Elf (3/3) Orc:2        Vaults (5/5) D:13
  Crypt (0/3) Vaults:3     Depths (5/5) D:15            Zot (5/5) Depths:5
 Bailey (visited)         Gauntlet (visited)

Altars:
Ashenzari
Cheibriados
Elyvilon
Kikubaaqudgha
Makhleb
Nemelex Xobeh
Okawaru
Qazlal
Ru
Sif Muna
Uskayaw
Vehumet
Yredelemnul
The Shining One
Beogh
Jiyva

Shops:
Orc:2 [(:(   Elf:2 :   Shoals:1 *:?   Shoals:3 [   Vaults:1 (   Vaults:2 *=(
Vaults:3 =   Vaults:4 *   Depths:1 :=:   Depths:2 (   Depths:3 (!(

Portals:
Hell: Depths:1 Depths:2 Depths:3 Depths:4 Depths:5
Abyss: Depths:2 Depths:3 Depths:4
Pandemonium: Depths:3 Depths:4
Ziggurat: Depths:5


Innate Abilities, Weirdness & Mutations

You are immune to poison.
Your flesh is very heat resistant. (rF++)
You are vulnerable to cold. (rC-)
You float through the air rather than walking.
You learn spells naturally, not from books.
Your magical power is your life essence.
You have superior vitality. (+4 HP)
You possess an exceptional clarity of mind.
Your mind is acute. (Int +2)
A frigid envelope surrounds you and freezes all who hurt you.


Message History

You chill the hell beast to absolute zero!
The hell beast is frozen into a solid block of ice!
You kill the hell beast!
A dragon arrives to answer your call!
Your golden dragon bites the Orb Guardian!!
Your golden dragon claws the Orb Guardian.
Your golden dragon tramples the Orb Guardian!
The Orb Guardian holds its ground!
The Orb Guardian hits your golden dragon but does no damage.
Your golden dragon bites the Orb Guardian!!
Your golden dragon claws the Orb Guardian!!
The Orb Guardian dies!
You swap places.
(D) Dungeon (T) Temple (L) Lair (A) Shoals (N) Spider Nest (M) Slime Pits (O) Orcish Mines (E) Elven Halls (V) Vaults (C) Crypt (U) Depths (H) Hell (Z) Zot
Where to? (* - list waypoints, Enter - D:1 @ (x,y), ? - help)
Something bites the hell beast shaped block of ice but does no damage.
Something claws the hell beast shaped block of ice.
Something bites the hell beast shaped block of ice!
Something claws the hell beast shaped block of ice!
The hell beast shaped block of ice is destroyed!
HP restored.
Your golden dragon disappears in a puff of smoke!
An orange demon comes into view.
Your quicksilver dragon disappears in a puff of smoke!
A dragon arrives to answer your call!
Your iron dragon bites the orange demon!!
Your iron dragon claws the orange demon!
Your iron dragon tramples the orange demon!!
The orange demon stumbles backwards!
The orange demon dies!
You see here a +0 ring mail.
There is an open door here.
The roar of the dragon horde subsides.
A smoke demon comes into view.
There is a staircase leading out of the dungeon here.
Enter note: Woot!
You have escaped!

#.......#...........#..#.#.#.....
#....###########.#######...#...#.
##.### ######'#######.#####.##
#.#.# #.........3.##.#.....).
#.#'######...........##.)..##.##
#.......##..8.....8..##....##.#.
##.......##..[........##....##.#.
.........##...........##.......#.
###......##.....@.....##.#.....#.
####.######...........##.#.....#.
.....# #...........##.#.....#.
###### #..8.....8..##.#.....#.
#...........##.#.###.##
#...........##....##.#.
######'#############)#. ##.# #...
#..# ####


You could see a smoke demon.

Vanquished Creatures
  3 dread liches
  7 orbs of fire
  Mennas (Vaults:4)
  2 ancient liches
  The ghost of Dawneret the Timeless, a master GnFi of Cheibriados (Zot:2)
  2 Killer Klowns (Zot:5)
  6 golden dragons
  The ghost of crisisinutopia the Impregnable, an adept MiFi of Okawaru (Vaults:2)
  2 bone dragons (Zot:1)
  Nikola (Elf:1)
  Arachne (Spider:2)
  15 tentacled monstrosities
  A Tzitzimitl (Depths:2)
  4 electric golems
  Rupert (D:12)
  The ghost of Qeapsu Xaesm the Severer, an adept NaFi of Cheibriados (Depths:4)
  2 liches
  2 deep elf master archers (Elf:3)
  7 quicksilver dragons
  20 Orb Guardians (Zot:5)
  4 deep elf blademasters
  7 titans
  An Executioner (D:12)
  7 death cobs
  6 sphinxes
  A kraken (Shoals:3)
  Kirke (Spider:3)
  2 storm dragons (Vaults:5)
  11 shadow dragons
  Agnes (Spider:1)
  Roxanne (Spider:1)
  12 tengu reavers
  Donald (Vaults:1)
  10 draconian monks
  12 frost giants
  9 fire giants
  6 ghost moths
  4 iron dragons
  An orc warlord (Vaults:4)
  2 draconian scorchers
  2 draconian knights
  7 deep elf sorcerers
  A balrug (Depths:1)
  15 vault wardens
  6 emperor scorpions (Spider:4)
  21 ironbound preservers
  4 draconian shifters
  A spriggan defender (Depths:3)
  45 very ugly things
  16 draconian annihilators
  3 draconian stormcallers
  7 deep elf elementalists
  18 stone giants
  3 war gargoyles
  9 yellow draconians
  11 vampire knights
  11 black draconians
  11 green draconians
  5 deep elf demonologists
  5 entropy weavers
  12 deep elf annihilators
  7 spark wasps
  2 dire elephants (Vaults:1)
  11 white draconians
  A minotaur (Gauntlet)
  12 purple draconians
  Azrael (D:14)
  The ghost of Boinom the Archer, a journeyman CeHu of Fedhas (Spider:3)
  18 ettins
  4 merfolk javelineers
  7 red draconians
  Snorg (Lair:5)
  The ghost of Fan Mut the Blocker, a journeyman GnFi of Uskayaw (Lair:2)
  3 deep elf death magi
  The ghost of Atlas the Thaumaturge, a journeyman DjAE of Ashenzari (D:12)
  4 crystal guardians
  10 fire dragons
  Josephine (Shoals:1)
  Fannar (Lair:1)
  5 merfolk impalers
  10 yaktaur captains
  8 deep elf high priests
  9 hydras
  7 great orbs of eyes
  A hell beast (D:1)
  29 vault guards
  2 peacekeepers
  6 boulder beetles
  11 ironbound thunderhulks
  13 ice dragons
  10 centaur warriors
  A catoblepas (Lair:6)
  The ghost of bilbop the Grappler, a novice TrFi of Okawaru (D:11)
  A spriggan air mage (Depths:5)
  7 ironbound frosthearts
  4 satyrs
  3 ogre magi
  2 merfolk aquamancers
  An alligator snapping turtle (Shoals:4)
  4 death yaks
  5 deep troll shamans
  2 merfolk avatars
  24 dancing weapons
  7 tengu warriors
  A nameless horror (Zot:5)
  6 vampire magi
  A hell hog (Depths:2)
  5 deep troll earth magi (Depths:4)
  Urug (D:12)
  5 ironbound beastmasters
  7 spriggan berserkers
  11 two-headed ogres
  2 hell knights
  A shock serpent (shapeshifter) (D:12)
  18 deep elf knights
  2 sun demons
  A spectral ghost moth (Spider:3)
  4 spriggans
  2 sixfirhies (Depths:3)
  Nergalle (D:12)
  2 soul eaters
  5 iron trolls
  54 deep trolls
  A salamander mystic (Depths:2)
  4 death drakes (Depths:5)
  4 flayed ghosts
  A shadow demon (Depths:3)
  6 glowing orange brains
  20 ironbound convokers
  11 sea snakes
  An orange crystal statue (Vaults:3)
  10 wizards
  13 lindwurms
  7 phantasmal warriors
  17 deep elf archers
  14 harpies
  Pikel (D:5)
  5 necromancers
  23 deep elf zephyrmancers
  2 orc sorcerers
  66 ugly things
  23 deep elf pyromancers
  A shining eye (shapeshifter) (Vaults:5)
  8 orc knights
  18 manticores
  23 wolf spiders
  10 moths of wrath
  16 orb spiders
  A faun (shapeshifter) (Vaults:5)
  2 salamanders (Depths:2)
  7 fauns (Shoals:3)
  7 elephants (Lair:3)
  2 oklob plants
  7 cyclopes
  6 black mambas
  5 merfolk sirens
  A centaur zombie (D:11)
  5 water nymphs
  2 rust devils (Depths:3)
  21 vault sentinels
  A torpor snail (shapeshifter) (Depths:3)
  A guardian serpent (Lair:6)
  3 smoke demons
  A minotaur zombie (Gauntlet)
  2 gargoyles
  2 torpor snails
  15 cane toads
  5 rime drakes
  A hellion (Depths:2)
  A spectral redback (Spider:3)
  3 kobold demonologists
  A spark wasp simulacrum (Spider:3)
  9 komodo dragons
  18 demonic crawlers
  6 tengu conjurers
  3 freezing wraiths
  28 yaktaurs
  17 trolls
  28 merfolk
  3 meliai (D:15)
  19 jumping spiders
  A meliai (shapeshifter) (Depths:4)
  6 wind drakes
  A jumping spider (shapeshifter) (Vaults:5)
  A polar bear (Lair:1)
  A spectral jumping spider (Spider:3)
  17 hornets
  A slime creature (shapeshifter) (Vaults:5)
  2 spectral tarantellas (Spider:3)
  5 snapping turtles
  3 dream sheep (Shoals:4)
  A dream sheep (shapeshifter) (Vaults:5)
  4 blink frogs (Lair:3)
  38 slime creatures
  56 redbacks
  5 flying skulls (Gauntlet)
  10 water elementals
  3 wraiths (Shoals:1)
  An air elemental (Elf:1)
  24 tarantellas
  A human (shapeshifter) (D:15)
  51 yaks
  16 wyverns
  4 basilisks
  4 hogs (Spider:3)
  7 fire elementals
  A human (D:10)
  2 steam dragons
  A chaos spawn (Depths:3)
  4 wargs
  3 neqoxecs
  4 vampire mosquitoes (D:11)
  An acid dragon (D:11)
  22 water moccasins
  3 hell hounds (D:14)
  A floating eye (Depths:4)
  Duvessa (D:5)
  6 swamp drakes (Depths:5)
  2 jumping spider simulacra (Spider:3)
  2 black bears
  An ice beast (D:6)
  3 sky beasts
  29 orc warriors
  2 tarantella simulacra (Spider:3)
  24 ogres
  A wolf (shapeshifter) (D:12)
  A boggart (shapeshifter) (D:12)
  3 boggarts (Vaults:4)
  20 wolves
  19 centaurs
  3 lemures (D:5)
  6 kobold brigands
  Blork the orc (D:5)
  13 bullfrogs
  5 gnoll sergeants
  A wyvern zombie (D:6)
  Dowan (D:5)
  A wyvern skeleton (D:7)
  5 scorpions
  A water moccasin skeleton (D:6)
  13 killer bees
  7 electric eels
  A bullfrog zombie (D:7)
  7 howler monkeys
  28 orc priests
  A jelly (shapeshifter) (D:12)
  13 hounds
  2 bullfrog skeletons
  A gnoll shaman (D:7)
  3 jellies (Gauntlet)
  Natasha (thrice) (D:2)
  3 iguanas
  39 orc wizards
  A hell rat (Lair:2)
  2 hound skeletons
  44 gnolls
  5 adders
  4 white imps
  An adder skeleton (D:4)
  4 worms
  A dart slug (D:2)
  100 orcs
  16 bats
  10 endoplasms
  11 giant cockroaches
  14 goblins
  15 hobgoblins
  9 jackals
  2 jackals (shapeshifter) (D:12)
  20 kobolds
  4 quokkas
  7 ball pythons
  2 frilled lizards
  A kobold (shapeshifter) (D:12)
  5 rats
  7 blocks of ice (Vaults:5)
  A bush (Lair:1)
  A tentacle (Shoals:3)
2182 creatures vanquished.

Vanquished Creatures (collateral kills)
  2 orbs of fire (Zot:5)
  A golden dragon (Zot:3)
  7 Orb Guardians
  2 titans (Zot:1)
  2 quicksilver dragons
  A sphinx (Zot:1)
  A death cob (Zot:1)
  3 draconian monks
  A storm dragon (Zot:5)
  A deep elf sorcerer (Zot:1)
  2 frost giants (Zot:1)
  A draconian scorcher (Zot:5)
  A draconian annihilator (Zot:5)
  A spriggan defender (Depths:3)
  A stone giant (Zot:1)
  3 purple draconians
  5 black draconians
  2 white draconians
  9 yellow draconians
  3 green draconians
  4 red draconians
  A deep elf high priest (Zot:1)
  3 ice dragons (Zot:1)
  A deep troll (Vaults:4)
  2 ugly things (Vaults:4)
  4 moths of wrath
  An orange demon (D:1)
  A yaktaur (Vaults:4)
  A hornet (Depths:3)
  A spriggan (Depths:3)
  3 ball lightnings
  19 blocks of ice
90 creatures vanquished.

Vanquished Creatures (others)
  A seraph (Depths:2)
  99 ball lightnings
  298 blocks of ice
  A demonic plant (Gauntlet)
  32 fungi
  186 plants
  18 tentacles (Shoals:3)
  2 withered plants (Depths:4)
637 creatures vanquished.

Grand Total: 2909 creatures vanquished

Notes
Turn   | Place    | Note
-------+----------+-------------------------------------------
     0 | D:1      | MakMorn the Djinni Venom Mage began the quest for the Orb.
     0 | D:1      | Reached XP level 1. HP: 15/15 MP: 0/0
   266 | D:1      | Reached XP level 2. HP: 16/22 MP: 0/0
   373 | D:1      | You are sucked into a shaft and drop 1 floor!
   913 | D:1      | You are sucked into a shaft and drop 1 floor!
  1006 | D:2      | Reached XP level 3. HP: 21/26 MP: 0/0
  1006 | D:2      | Learned a level 1 spell: Shock
  1214 | D:1      | Reached skill level 1 in Fighting
  1405 | D:1      | You are sucked into a shaft and drop 1 floor!
  2097 | D:2      | Reached XP level 4. HP: 28/32 MP: 0/0
  2434 | D:2      | Noticed Natasha
  2471 | D:2      | Killed Natasha
  2821 | D:2      | Noticed Natasha
  2824 | D:2      | Killed Natasha
  2825 | D:2      | Reached XP level 5. HP: 31/38 MP: 0/0
  2825 | D:2      | Learned a level 2 spell: Blink
  3462 | D:2      | Noticed Natasha
  3467 | D:2      | Killed Natasha
  4980 | D:3      | Reached XP level 6. HP: 41/43 MP: 0/0
  5604 | D:4      | Reached skill level 5 in Spellcasting
  5763 | D:4      | Found a snail-covered altar of Cheibriados.
  5998 | D:4      | Reached XP level 7. HP: 15/49 MP: 0/0
  5998 | D:4      | Learned a level 2 spell: Wereblood
  6890 | D:5      | Entered Level 5 of the Dungeon
  6894 | D:5      | Found a glowing golden altar of the Shining One.
  6899 | D:5      | Noticed Blork the orc
  6906 | D:5      | Killed Blork the orc
  7412 | D:5      | Found a broken altar of Ashenzari.
  7412 | D:5      | Noticed Pikel
  7420 | D:5      | Killed Pikel
  7421 | D:5      | Reached skill level 5 in Dodging
  7421 | D:5      | Reached XP level 8. HP: 42/58 MP: 0/0
  7536 | D:5      | Became a worshipper of Ashenzari the Shackled
  7895 | D:5      | Noticed Duvessa
  8055 | D:5      | Killed Duvessa
  8149 | D:5      | Noticed Dowan
  8153 | D:5      | Killed Dowan
  8245 | D:5      | Reached XP level 9. HP: 60/63 MP: 0/0
  8245 | D:5      | Learned a level 4 spell: Cause Fear
  8319 | D:5      | Found a white marble altar of Elyvilon.
  8881 | D:6      | Reached skill level 1 in Armour
  9123 | D:6      | HP: 2/65 [wyvern zombie (9)]
  9540 | D:6      | Reached skill level 5 in Fighting
  9631 | D:6      | Upgraded the game from 0.27-a0-773-gaaee5cf45b to
                  | 0.27-a0-789-g6bb3289e1e
 10045 | D:6      | Found a glowing golden altar of the Shining One.
 10392 | D:7      | Noticed a hornet
 10396 | D:7      | Killed a hornet
 10559 | D:7      | Reached XP level 10. HP: 48/72 MP: 0/0
 10676 | D:7      | Reached * piety under Ashenzari
 10754 | D:7      | Found a basalt altar of Yredelemnul.
 11022 | D:7      | Found a stormy altar of Qazlal.
 11138 | D:7      | Reached ** piety under Ashenzari
 11432 | D:7      | Reached skill level 10 in Spellcasting
 11868 | D:7      | Identified Sif Muna's Catalogue of Contamination
 11868 | D:7      | Identified Sif Muna's Reference Book on Fire
 11868 | D:7      | Identified Sif Muna's Volume of Aerial Confrontation
 11912 | D:7      | Found a hide-covered altar of Uskayaw.
 12148 | D:7      | Found a staircase to the Ecumenical Temple.
 12420 | D:8      | Found a basalt altar of Yredelemnul.
 13003 | D:8      | Reached skill level 1 in Shields
 13094 | D:8      | Noticed a manticore
 13099 | D:8      | Killed a manticore
 13630 | D:8      | Found a staircase to the Lair.
 14197 | D:9      | Found a burning altar of Makhleb.
 14305 | D:9      | Reached XP level 11. HP: 70/79 MP: 0/0
 14305 | D:9      | Learned a level 5 spell: Lee's Rapid Deconstruction
 14576 | D:9      | Found an iron altar of Okawaru.
 14959 | D:10     | Entered Level 10 of the Dungeon
 15008 | Lair:1   | Entered Level 1 of the Lair of Beasts
 15312 | Lair:1   | Noticed an oklob plant
 15575 | Lair:1   | Noticed a lindwurm
 15580 | Lair:1   | Killed a lindwurm
 15583 | Lair:1   | Reached *** piety under Ashenzari
 16285 | Lair:1   | Noticed a five-headed hydra
 16300 | Lair:1   | Killed a five-headed hydra
 16568 | Lair:1   | Noticed Fannar
 16850 | Lair:1   | Killed Fannar
 16851 | Lair:1   | Reached skill level 5 in Armour
 18255 | Lair:2   | Found a transporter.
 18264 | Lair:2   | Noticed Fan Mut's ghost (journeyman GnFi)
 18283 | Lair:2   | Found a transporter.
 19035 | Lair:3   | Reached XP level 12. HP: 74/90 MP: 0/0
 19704 | Lair:3   | Identified the +4 ring mail of the Pink Corner {rElec rF+
                  | Will++ Str-3}
 19981 | Lair:3   | Reached skill level 5 in Shields
 20351 | Lair:3   | Noticed a boulder beetle
 20361 | Lair:3   | Killed a boulder beetle
 21230 | Lair:4   | Identified the +2 robe of Death's Door {rPois rF- rC+
                  | Dex+4}
 21246 | Lair:4   | Found a hole to the Spider Nest.
 21745 | Lair:4   | Reached **** piety under Ashenzari
 21810 | Lair:4   | Found a staircase to the Shoals.
 22099 | Lair:5   | Noticed an ice dragon
 22106 | Lair:5   | Killed an ice dragon
 22107 | Lair:5   | Reached XP level 13. HP: 50/99 MP: 0/0
 22107 | Lair:5   | Learned a level 5 spell: Fireball
 22853 | Lair:5   | Noticed Snorg
 22864 | Lair:5   | Killed Snorg
 23558 | Lair:6   | Entered Level 6 of the Lair of Beasts
 23631 | Lair:6   | Found a viscous altar of Jiyva.
 23631 | Lair:6   | Found a staircase to the Slime Pits.
 23638 | Lair:5   | Reached skill level 10 in Fighting
 25712 | Lair:6   | Reached XP level 14. HP: 79/110 MP: 0/0
 27879 | D:10     | Found a staircase to the Orcish Mines.
 28190 | D:10     | Reached ***** piety under Ashenzari
 28716 | D:11     | Found a runed translucent door.
 28716 | D:11     | Noticed bilbop's ghost (novice TrFi)
 29698 | D:11     | Killed bilbop's ghost
 29916 | D:12     | Noticed Rupert
 30194 | D:12     | Noticed Nergalle
 30197 | D:12     | Killed Nergalle
 30211 | D:12     | Noticed Urug
 30214 | D:12     | Killed Urug
 30715 | D:12     | Found a runed translucent gate.
 30715 | D:12     | Found a runed translucent gate.
 30715 | D:12     | Found a runed translucent gate.
 30715 | D:12     | Noticed a purple very ugly thing
 30726 | D:12     | Noticed a white very ugly thing
 30806 | D:13     | Found a flagged portal.
 31129 | Bailey   | Entered a bailey
 31688 | D:12     | Killed Rupert
 31946 | D:12     | Reached XP level 15. HP: 112/126 MP: 0/0
 31946 | D:12     | Learned a level 6 spell: Conjure Ball Lightning
 32317 | D:12     | Noticed Atlas's ghost (journeyman DjAE)
 32524 | Orc:1    | Entered Level 1 of the Orcish Mines
 32553 | Orc:2    | Entered Level 2 of the Orcish Mines
 32557 | Orc:2    | Upgraded the game from 0.27-a0-789-g6bb3289e1e to
                  | 0.27-a0-797-g27d10ad80f
 32580 | Orc:2    | Reached skill level 15 in Spellcasting
 34968 | Orc:2    | Found a staircase to the Elven Halls.
 35288 | Orc:2    | Found Qoczodas's Armour Boutique.
 35289 | Orc:2    | Found Udeafiac's Antique Weapon Shop.
 35433 | Orc:2    | Found Havif's Book Emporium.
 35960 | Orc:2    | Found Tuoter's Antique Weapon Boutique.
 36189 | Orc:2    | Bought the +8 mithril axe "Arga" {speed, Will+} for 1615
                  | gold pieces
 36189 | Orc:2    | Found the +8 mithril axe "Arga" {speed, Will+}
 36310 | D:8      | Reached XP level 16. HP: 132/132 MP: 0/0
 36545 | D:13     | Reached skill level 5 in Axes
 37713 | D:13     | Found a gate to the Vaults.
 37829 | D:14     | Noticed Azrael
 38349 | D:14     | Found a portal to a secret trove of treasure.
 38359 | D:14     | Killed Azrael
 38603 | D:14     | Found a white marble altar of Elyvilon.
 39217 | D:15     | Entered Level 15 of the Dungeon
 39223 | D:15     | Reached XP level 17. HP: 115/138 MP: 0/0
 39223 | D:15     | Learned a level 6 spell: Iron Shot
 39262 | D:15     | Found a gate leading to a gauntlet.
 39283 | Gauntlet | Entered a Gauntlet
 39283 | Gauntlet | Found a transporter.
 39287 | Gauntlet | Found a transporter.
 39288 | Gauntlet | Found a transporter.
 39303 | Gauntlet | Found a transporter.
 39305 | Gauntlet | Found a transporter.
 39317 | Gauntlet | Found a transporter.
 39319 | Gauntlet | Identified the +0 hat "Itiosh" {rF+}
 39331 | Gauntlet | Identified the ring of Foceces {Fire MP+9 Str-3 Int+8
                  | Dex-5}
 39332 | Gauntlet | Found a transporter.
 39334 | Gauntlet | Identified Rezuo's Catalogue of Enchantment
 39339 | Gauntlet | Found a transporter.
 39355 | Gauntlet | Found a transporter.
 39359 | Gauntlet | Found a transporter.
 39374 | Gauntlet | Found a transporter.
 39374 | Gauntlet | Found a transporter.
 39401 | Gauntlet | Found a transporter.
 39404 | Gauntlet | Identified the +2 hat "Giutuh" {rPois rN+ Will+ Int-4}
 39405 | Gauntlet | Found a transporter.
 39625 | Gauntlet | Identified the +6 falchion of Cheese {vamp, rPois Will+}
 39636 | Gauntlet | Identified the +8 long sword "Vailim" {protect, rN+ Dex+3
                  | Stlth+}
 39877 | D:15     | Found a sacrificial altar of Ru.
 40138 | D:15     | Found a staircase to the Depths.
 41043 | D:15     | Reached skill level 10 in Axes
 41648 | Spider:1 | Entered Level 1 of the Spider Nest
 41954 | Spider:1 | Noticed Agnes
 41958 | Spider:1 | Killed Agnes
 42778 | Spider:1 | Noticed Roxanne
 43289 | Spider:1 | Killed Roxanne
 44361 | Spider:3 | Noticed Arachne
 44373 | Spider:2 | Killed Arachne
 44546 | Spider:3 | Reached XP level 18. HP: 102/148 MP: 0/0
 44609 | Spider:3 | Noticed Kirke
 44615 | Spider:3 | Killed Kirke
 45172 | Spider:3 | Found a runed translucent gate.
 45174 | Spider:3 | Found a runed translucent gate.
 45175 | Spider:3 | Found a runed translucent gate.
 45177 | Spider:3 | Noticed Boinom's ghost (journeyman CeHu)
 45210 | Spider:3 | Killed Boinom's ghost
 45467 | Spider:4 | Entered Level 4 of the Spider Nest
 47914 | Spider:4 | Reached skill level 15 in Fighting
 48561 | Spider:4 | Got a gossamer rune of Zot
 48885 | Shoals:1 | Entered Level 1 of the Shoals
 49163 | Shoals:1 | Found Roreon's Magic Scroll Emporium.
 49172 | Shoals:1 | Bought a scroll of blinking for 105 gold pieces
 49178 | Shoals:1 | Found Bahebb's Book Shop.
 49261 | Shoals:1 | Identified the +1 leather armour of Leapfrog {Stlth+}
 49263 | Shoals:1 | Found Nowuaw's Assorted Antiques.
 49272 | Shoals:1 | Bought an onyx ring for 150 gold pieces
 49280 | Shoals:1 | Noticed Josephine
 49286 | Shoals:1 | Killed Josephine
 50987 | Shoals:2 | Identified the ring of Vushoras {Wiz rC- Will+ Int+5
                  | Stlth+}
 51330 | Shoals:2 | Found the +5 robe of Misfortune {*Contam Harm *Corrode
                  | *Drain *Slow EV+5}
 51341 | Shoals:2 | Identified the +7 chain mail of the Thirsty Queens {Int+5}
 52054 | Shoals:3 | Found Tuum's Antique Armour Emporium.
 52195 | Shoals:3 | Reached XP level 19. HP: 144/153 MP: 0/0
 52195 | Shoals:3 | Learned a level 7 spell: Orb of Destruction
 53469 | Shoals:3 | Identified the +7 great sword of the Equator {venom,
                  | Fragile +Blink Will- Str+9}
 53858 | Shoals:4 | Entered Level 4 of the Shoals
 55648 | Shoals:4 | Reached skill level 10 in Dodging
 55702 | Shoals:4 | Identified the +6 flail of the Endless Mice {drain, +Blink
                  | Int+4 Dex-3}
 57093 | Shoals:4 | Got a barnacled rune of Zot
 57420 | Elf:1    | Entered Level 1 of the Elven Halls
 57540 | Elf:1    | Upgraded the game from 0.27-a0-797-g27d10ad80f to
                  | 0.27-a0-808-g60bc5d92e6
 57978 | Elf:1    | Noticed Nikola
 59042 | Vaults:1 | Entered Level 1 of the Vaults
 59886 | Vaults:1 | Found Siemum's Weapon Boutique.
 60347 | Vaults:1 | Identified 2 scrolls of acquirement
 60421 | Vaults:1 | Acquired a manual of Dodging
 60641 | Vaults:1 | Reached XP level 20. HP: 141/162 MP: 0/0
 61640 | Vaults:1 | Noticed Donald
 61656 | Vaults:1 | Killed Donald
 63181 | Elf:1    | Killed Nikola
 63182 | Elf:1    | Reached skill level 10 in Armour
 64752 | Elf:2    | Found a runed translucent gate.
 64752 | Elf:2    | Found a runed translucent gate.
 64753 | Elf:2    | Found a runed translucent gate.
 64953 | Elf:2    | Found Soompez's Book Shoppe.
 65057 | Elf:2    | Acquired a manual of Axes
 66236 | Elf:2    | Reached XP level 21. HP: 170/176 MP: 0/0
 66236 | Elf:2    | Learned a level 8 spell: Disjunction
 66388 | Elf:3    | Entered Level 3 of the Elven Halls
 67995 | Elf:3    | Identified the +5 halberd of Corruption {pain, rElec rF-
                  | Dex+3}
 68364 | Elf:3    | Identified the ring of Defaf {rElec SInv}
 68542 | Elf:2    | Upgraded the game from 0.27-a0-808-g60bc5d92e6 to
                  | 0.27-a0-819-g058290f16d
 68786 | Elf:3    | Identified the ring "Xiryoprao" {Fire +Inv Int+4 SInv}
 68971 | Elf:3    | Reached skill level 15 in Axes
 69069 | Elf:3    | Identified the +9 falchion "Imips" {freeze, +Rage rC+ Dex+5
                  | Stlth+}
 69405 | D:8      | Acquired 1011 gold pieces
 69614 | Elf:3    | Identified the +6 spear "Vadgh" {drain, +Fly rElec}
 69616 | Elf:3    | Identified Pafol's Lost Secrets of Magic
 69620 | Elf:3    | Identified the ring of Ixoobruo {Will++ MP+9 Str-5 Dex+5}
 69634 | Elf:3    | Identified the +2 robe of Lugonu's Esteem {rC+}
 70725 | D:8      | Upgraded the game from 0.27-a0-819-g058290f16d to
                  | 0.27-a0-828-g8289197e94
 70937 | Vaults:2 | Noticed crisisinutopia's ghost (adept MiFi)
 70970 | Vaults:2 | HP: 8/175 [ironbound thunderhulk/bolt of lightning (8)]
 72038 | Vaults:2 | Killed crisisinutopia's ghost
 72762 | Vaults:2 | Reached XP level 22. HP: 163/186 MP: 0/0
 72890 | Vaults:2 | Identified the +2 leather armour of Dishonesty {rC+}
 73514 | Vaults:2 | Found a runed translucent door.
 73539 | Vaults:2 | Found Ofetih's Weapon Emporium.
 73539 | Vaults:2 | Found Loptegu's Jewellery Emporium.
 73539 | Vaults:2 | Found Rissaawk's General Store.
 73563 | Vaults:2 | Bought a scroll of blinking for 105 gold pieces
 74009 | Vaults:2 | Upgraded the game from 0.27-a0-828-g8289197e94 to
                  | 0.27-a0-1065-ge809cff456
 75168 | Vaults:3 | Found a staircase to the Crypt.
 75168 | Vaults:3 | Found a basalt altar of Yredelemnul.
 75749 | Vaults:3 | Found Kisonytyff's Jewellery Boutique.
 75954 | Vaults:3 | Found a transporter.
 75970 | Vaults:3 | Found a transporter.
 75971 | Vaults:3 | Identified the amulet of Riugupe {+Blink rElec Regen+ Dex-5
                  | Slay-6}
 76994 | Shoals:3 | Bought a jewelled chain mail for 437 gold pieces
 76994 | Shoals:3 | Identified the +0 chain mail "Piofod" {rElec rF+++ Will-
                  | Int-5} (You bought it in a shop on level 3 of the Shoals)
 77153 | D:8      | Acquired 720 gold pieces
 77850 | Vaults:4 | Found Laumair's Assorted Antiques.
 77854 | Vaults:4 | Bought a dented fluorescent amulet for 220 gold pieces
 77935 | Vaults:4 | Noticed Mennas
 78402 | Vaults:4 | Killed Mennas
 78549 | Vaults:4 | Identified the +4 ring mail of Fagiumec {Int+7}
 78977 | Vaults:4 | Reached XP level 23. HP: 166/187 MP: 0/0
 78977 | Vaults:4 | Learned a level 7 spell: Summon Hydra
 80666 | Depths:1 | Entered Level 1 of the Depths
 82040 | Depths:1 | Found Todaiw's Book Shop.
 82041 | Depths:1 | Identified Jannezou's Reference Book on the Icy Arsonist
 82041 | Depths:1 | Found Qeiseagg's Jewellery Emporium.
 82043 | Depths:1 | Found Deej's Book Shop.
 82130 | Depths:1 | Found the +7 great mace "Firestarter" {inner flame, rF++}
 82245 | Depths:1 | Found a gateway to Hell.
 82404 | Depths:1 | Found a sparkling altar of Nemelex Xobeh.
 82627 | Depths:1 | Upgraded the game from 0.27-a0-1065-ge809cff456 to
                  | 0.27-a0-1071-ga85bd9520d
 83548 | Depths:2 | Found Tuesal's Antique Weapon Shop.
 83894 | Depths:2 | Identified the +11 demon blade of the Devouring Tiger
                  | {freeze, +Inv}
 83969 | Depths:2 | Found a one-way gate to the infinite horrors of the Abyss.
 84964 | Depths:3 | Found Jipnu's Antique Weapon Emporium.
 84975 | Depths:3 | Found Veurchuap's Distillery.
 84976 | Depths:3 | Found Peid's Antique Weapon Emporium.
 86185 | Depths:3 | Found the +6 Majin-Bo {vamp, MP+6 Int+6}
 86185 | Depths:3 | Noticed a dread lich
 86190 | Depths:3 | Killed a dread lich
 86191 | Depths:3 | Reached XP level 24. HP: 181/194 MP: 0/0
 86477 | Depths:3 | Found a one-way gate leading to the halls of Pandemonium.
 87120 | Depths:3 | Bought a potion of curing for 45 gold pieces
 87120 | Depths:3 | Bought a potion of heal wounds for 75 gold pieces
 87120 | Depths:3 | Bought a potion of heal wounds for 75 gold pieces
 87120 | Depths:3 | Bought a potion of curing for 45 gold pieces
 87120 | Depths:3 | Bought a potion of curing for 45 gold pieces
 87120 | Depths:3 | Bought a potion of mutation for 120 gold pieces
 87120 | Depths:3 | Bought a potion of haste for 150 gold pieces
 87120 | Depths:3 | Upgraded the game from 0.27-a0-1071-ga85bd9520d to
                  | 0.27-a0-1081-ge8a0a9c698
 88001 | Depths:4 | Found the +8 Vampire's Tooth {vamp}
 88340 | Depths:4 | Found a runed translucent door.
 88340 | Depths:4 | Noticed Qeapsu Xaesm's ghost (adept NaFi)
 90499 | Depths:4 | Killed Qeapsu Xaesm's ghost
 91008 | Lair:2   | Killed Fan Mut's ghost
 91420 | D:12     | Found a runed translucent gate.
 91420 | D:12     | Found a runed translucent gate.
 91427 | D:12     | Found a runed translucent gate.
 92395 | Depths:5 | Entered Level 5 of the Depths
 92874 | Depths:5 | Reached XP level 25. HP: 188/208 MP: 0/0
 92874 | Depths:5 | Learned a level 9 spell: Absolute Zero
 93672 | Depths:5 | Reached skill level 15 in Armour
 93974 | Depths:5 | Reached skill level 15 in Dodging
 94592 | Depths:5 | Found a gateway to a ziggurat.
 95115 | Depths:5 | Found a gate to the Realm of Zot.
 95121 | Depths:5 | Identified the Reference Book on Unstable Dark Rituals
 95825 | D:12     | Killed Atlas's ghost
 96733 | Depths:1 | Bought a ring of wizardry for 390 gold pieces
 97019 | Vaults:3 | Bought an amulet of regeneration for 510 gold pieces
 97141 | Vaults:5 | Entered Level 5 of the Vaults
 97155 | Vaults:5 | Noticed a dread lich
 97158 | Vaults:5 | Killed a dread lich
 97267 | Vaults:5 | Identified the Papyrus of Flames and Flight
 97375 | Vaults:5 | Identified the amulet of Cythraewn {Reflect Drain Will+
                  | Str+5 SH+5}
 97819 | Vaults:5 | Identified the +6 executioner's axe of Ibbyaf {chaos, *Slow
                  | rC+++ rN+ Int-2}
 98161 | Vaults:5 | Identified the +11 hand axe of the Tomato {vorpal, +Rage
                  | rElec rF+ rC+}
 98223 | Vaults:5 | Reached XP level 26. HP: 178/210 MP: 0/0
 98415 | Vaults:5 | Identified the amulet "Hiaqi" {Reflect Str+4 Dex+4 SH+5}
 98796 | Vaults:5 | Got a silver rune of Zot
 99264 | Vaults:5 | Identified the +9 hand axe of the Philosopher {drain, Will+
                  | Str-5 Int+2 Dex+4}
100205 | Vaults:5 | Identified the +6 long sword of Action {vamp, rPois rF+ rN+
                  | Str-4}
100222 | Vaults:5 | Found the +3 hat of Pondering {ponderous, Will+ MP+10
                  | Int+5}
100263 | Vaults:5 | Identified the +3 leather armour of Shrieking Amelioration
                  | {rF- Will+ Int+8 Slay+3}
102139 | Zot:1    | Entered Level 1 of the Realm of Zot
103027 | Zot:1    | Reached XP level 27. HP: 178/221 MP: 0/0
103027 | Zot:1    | Learned a level 9 spell: Dragon's Call
103082 | Zot:1    | Noticed an ancient lich
103752 | Zot:1    | Killed an ancient lich
104355 | Zot:2    | Identified the +3 rapier "Huowownin" {venom, rC+}
104487 | Zot:2    | Found a runed translucent door.
104497 | Zot:2    | Identified the Grimoire of Dusty Flames
104615 | Zot:2    | Noticed Dawneret's ghost (master GnFi)
104738 | Zot:2    | Killed Dawneret's ghost
105364 | D:14     | You paid a toll of 19 potions of curing to enter a treasure
                  | trove
105365 | Trove    | Entered a treasure trove
105376 | Trove    | Identified the amulet of Miumonism {Will+ Regen+}
105376 | Trove    | Identified the amulet of the City {Faith +Blink rPois rC-
                  | Int+6}
105398 | Trove    | Identified the amulet "Girukhlay" {Acrobat -Cast Harm rN+
                  | Str+2}
105409 | Trove    | Identified the amulet of Paen {RegenMP +Inv Fly}
106209 | Zot:3    | Noticed an orb of fire
106210 | Zot:3    | Killed an orb of fire
107439 | Zot:5    | Entered Level 5 of the Realm of Zot
108324 | Zot:5    | Reached skill level 10 in Shields
108462 | Zot:5    | Noticed an orb of fire
108468 | Zot:5    | Noticed an orb of fire
108471 | Zot:5    | Gained mutation: You have a pair of small horns on your
                  | head. [an orb of fire]
108473 | Zot:5    | Killed an orb of fire
108483 | Zot:5    | Killed an orb of fire
108603 | Zot:5    | Noticed an orb of fire
108605 | Zot:5    | Noticed an orb of fire
108606 | Zot:5    | Noticed an orb of fire
108616 | Zot:5    | Killed an orb of fire
108620 | Zot:5    | Killed an orb of fire
108805 | Zot:5    | Noticed a dread lich
108808 | Zot:5    | Killed an orb of fire
108808 | Zot:5    | Noticed an orb of fire
108811 | Zot:5    | Killed an orb of fire
108813 | Zot:5    | Killed a dread lich
108816 | Zot:5    | Noticed an orb of fire
108819 | Zot:5    | Killed an orb of fire
108820 | Zot:5    | Noticed an orb of fire
108954 | Zot:5    | Killed an orb of fire
109227 | Zot:5    | Noticed an ancient lich
109229 | Zot:5    | Killed an ancient lich
110236 | Zot:5    | Lost mutation: You have a pair of small horns on your head.
                  | [potion of mutation]
110236 | Zot:5    | Gained mutation: A frigid envelope surrounds you and
                  | freezes all who hurt you. [potion of mutation]
110236 | Zot:5    | Gained mutation: You possess an exceptional clarity of
                  | mind. [potion of mutation]
110236 | Zot:5    | Gained mutation: Your mind is acute. (Int +2) [potion of
                  | mutation]
110247 | Zot:5    | Got the Orb of Zot
110416 | Depths:2 | Noticed a seraph
110424 | Depths:2 | Killed a seraph
110744 | D:1      | Woot!
110745 | D:$      | Escaped with the Orb!

Illustrated notes

#.......#...........#..#.#.#.....
#....###########.#######...#...#.
##.### ######'#######.#####.##
#.#.# #.........3.##.#.....).
#.#'######...........##.)..##.##
#.......##..8.....8..##....##.#.
##.......##..[........##....##.#.
.........##...........##.......#.
###......##.....@.....##.#.....#.
####.######...........##.#.....#.
.....# #...........##.#.....#.
###### #..8.....8..##.#.....#.
#...........##.#.###.##
#...........##....##.#.
######'#############)#. ##.# #...
#..# ####


Turn 110744 on D:1: Woot!

Levels and vault maps discovered:
D:1:      psy_arrival_statuary, layout_basic
D:2:      layout_basic, minmay_parallelograms, uniq_natasha
D:3:      layout_basic, chequers_big_river
D:4:      layout_basic, cheibriados_altar_1
D:5:      layout_loops_ring, ashenzari_conservatory_becter,
          nicolae_elyvilon_peaceful_grove, tso_altar, uniq_pikel, uniq_duvessa,
          uniq_blork_the_orc
D:6:      layout_cave_pods, basic_altar, kennysheep_boxes
D:7:      layout_cave_pools, lemuel_doored_altar,
          nicolae_sif_muna_little_library, nicolae_uskayaw_dance_studio,
          minmay_temple_entry_poolview, serial_gnoll_camp,
          gnoll_camp_mini_doghouse, gnoll_camp_mini_sergeant,
          gnoll_camp_medium_02, gnoll_camp_mini_house, gnoll_camp_mini_hut,
          lemuel_altar_in_water
D:8:      layout_basic, chequers_temple_overflow_statue_of_worship,
          erik_lair_island
D:9:      layout_cave_pods, kennysheep_little_box, kennysheep_mini
D:10:     layout_loops_corners, erik_orc_4
D:11:     layout_roguey, gammafunk_ghost_grave
D:12:     layout_long_grid, ploomutoo_gammafunk_ghost_potion_laboratory,
          uniq_nergalle, uniq_rupert, uniq_urug
D:13:     layout_rooms, hangedman_vaults_entry_quadrant_bands, enter_bailey_5
D:14:     layout_irregular_city, minivault_27, nicolae_trove_entry_isolated,
          elyvilon_altar_1, uniq_azrael
D:15:     hangedman_depths_entry_civil_slaughter, layout_basic,
          nrook_mini_vaults, basic_altar, gauntlet_entry_generic,
          nicolae_ru_sacrificial_ziggurat
Lair:1:   layout_long_grid, minmay_lair_oklob_items, fungi_pond_lemuel,
          uniq_fannar
Lair:2:   layout_big_grid, gammafunk_ghost_arena, wad_woods_river_03
Lair:3:   layout_cave_pods, roderic_batcave
Lair:4:   layout_regular_city, shoals_dummy_entry,
          nicolae_spider_entry_non_spiders
Lair:5:   layout_regular_city, bobbens_ice_dragon_lair, grunt_megastairs_3,
          uniq_snorg
Lair:6:   hangedman_lair_tendril_chambers, layout_cave_pods, slime_altar_1
Shoals:1: layout_shoals, serial_shops, nicolae_shop_crystal, shop,
          nicolae_shop_crystal, uniq_josephine
Shoals:2: layout_shoals
Shoals:3: layout_shoals, serial_shops, shop
Shoals:4: shoals_end_hangedman, layout_shoals
Spider:1: layout_chambers, uniq_agnes, uniq_roxanne
Spider:2: layout_spider_delve
Spider:3: layout_spider_delve, gammafunk_ghost_necromancy, uniq_arachne,
          uniq_kirke
Spider:4: guppyfry_spider_rune
Orc:1:    cheibrodos_orc_arena, layout_diamond_mine, mines_bat_river
Orc:2:    st_orc_open, layout_caves, basic_altar
Elf:1:    layout_onion_city, serial_glass, glass_columns_a, glass_columns_c,
          basic_altar, hangedman_elf_represent, billiards_dpeg, uniq_nikola
Elf:2:    layout_loops_cross, serial_shops, shop
Elf:3:    minmay_elf_hall_quartered_circle, layout_onion_city, minivault_14,
          hangedman_elf_power_crystal
Vaults:1: hangedman_vaults_stagger, nicolae_vaults_mini_display_case, st_cells,
          nicolae_vaults_sealed_display, ontoclasm_vaults_spin,
          hangedman_vaults_trim, v_misc_3, layout_vaults_quadrants,
          serial_shops, shop, uniq_donald
Vaults:2: ebering_vaults_ghost_inner_flame, v_rooms_3,
          hangedman_vaults_hard_town_square, vaults_room_pool, v_rooms_2,
          v_misc_30, vaults_mumra_minichess_inversion, vaults_room_fancy_cross,
          vaults_room_stairs_pillars, vaults_room_semicircle,
          vaults_dpeg_encased_lava, nicolae_vaults_alarming,
          layout_vaults_maze_snakey, portal_desolation_entry_nicolae_slug
Vaults:3: minmay_crypt_entry_necro_gods, nicolae_vaults_back_hallway,
          nicolae_vaults_network_periphery, ontoclasm_vaults_hangar,
          gammafunk_sealed_arena, v_misc_25, vaults_dpeg_diagonal, v_misc_33,
          v_misc_1, nicolae_vaults_specimen_jars, vaults_dpeg_ring,
          layout_vaults_ring, serial_shops, shop
Vaults:4: vaults_room_stairs_pillars, v_pattern_5, vaults_mumra_minichess,
          grunt_vaults_diagonal, grunt_vaults_hallway_long, vaults_dpeg_cross,
          vaults_mumra_hex, hangedman_vaults_nodes, grunt_vaults_focal,
          nicolae_vaults_ring_of_whatevers, v_misc_29, nicolae_vaults_theta,
          layout_vaults_omnibox, serial_shops, nicolae_shop_window_shopping,
          uniq_mennas
Vaults:5: serial_shops
Depths:1: layout_forbidden_donut, lightli_too_deep,
          hangedman_abyss_or_decor_stagger, nemelex_diamond_rough_becter,
          grunt_megastairs_2, serial_bayou_shore_a, minmay_shop_grove
Depths:2: minmay_octagon_keep, layout_gridlike, hellmouth_1, dk_noncrumbling_4,
          abyss_entry, serial_shops, shop
Depths:3: minmay_guarded_unrand_majin_bo, layout_honeycomb,
          grunt_pan_entry_spiral, marbit_kobold_abyss_entry,
          kennysheep_minor_cross, hell_entry,
          hangedman_abyss_or_decor_jellyfish_corner, minmay_shop_star
Depths:4: evilmike_diamond_2, layout_basic, minmay_misc_feat_diagonals,
          gammafunk_ghost_grave, pan_entry, hell_entry, abyss_entry, drop_trap,
          minmay_guarded_unrand_vampires_tooth, minmay_staircase_windowed_large
Depths:5: lemuel_castle_with_subvaults [lemuel_castle_interior_carwin_2],
          layout_cave_shapes, enter_ziggurat_e, chequers_serial_rivers_micro_b,
          hell_entry, serial_sigils_hangedman_scar, grunt_megastairs_4
Zot:1:    hangedman_zot_vaults_quadrants, layout_onion_interference,
          grunt_ministairs_12
Zot:2:    layout_onion_interference, gammafunk_ghost_grave, st_stairs_3,
          st_single_dragon_hoard_1
Zot:3:    layout_misc_corridors
Zot:4:    layout_basic
Zot:5:    layout_basic

Skill      XL: |  1  2  3  4  5  6  7  8  9 10 11 12 13 14 15 16 17 18 19 20 21 22 23 24 25 26 27 |
---------------+----------------------------------------------------------------------------------+-----
Spellcasting   | 3 4 5 7 8 9 10 12 13 14 15 16 17 18 21 22 23 | 23.2
Fighting       | 1 2 3 4 5 6 7 9 11 13 14 15 16 17 18 21 23 | 23.2
Dodging        | 3 5 6 7 8 9 10 13 14 16 17 | 17.0
Armour         | 2 4 5 6 8 11 12 13 15 17 20 | 20.4
Shields        | 2 4 6 9 10 | 10.6
Axes           | 4 8 12 13 15 16 17 20 | 20.6
Stealth        | |  1.5

Action                   |  1- 3 |  4- 6 |  7- 9 | 10-12 | 13-15 | 16-18 | 19-21 | 22-24 | 25-27 || total
-------------------------+-------+-------+-------+-------+-------+-------+-------+-------+-------++-------
Melee: Dagger            |     1 |    27 |    14 |    30 |     1 |       |       |       |       ||    73
       Short sword       |       |       |       |       |    36 |       |       |       |       ||    36
       Broad axe         |       |       |       |       |       |   230 |    96 |    77 |   359 ||   762
 Cast: Sting             |    23 |     1 |       |       |       |       |       |       |       ||    24
       Poisonous Vapours |    30 |    52 |    32 |    23 |    40 |    20 |     7 |       |       ||   204
       Shock             |     4 |    30 |    33 |    47 |     6 |       |     2 |    11 |       ||   133
       Ignite Poison     |       |     6 |    28 |   106 |   132 |    77 |    57 |    32 |       ||   438
       Mephitic Cloud    |       |     3 |     9 |    14 |    16 |     7 |    30 |     6 |       ||    85
       Olgreb's Toxic Ra |       |     3 |    35 |   140 |   183 |   161 |   108 |    63 |     2 ||   695
       Cause Fear        |       |       |     1 |     1 |     1 |     1 |     1 |       |       ||     5
       Lee's Rapid Decon |       |       |       |    18 |    56 |   185 |   248 |   352 |     4 ||   863
       Fireball          |       |       |       |       |    92 |    64 |    77 |    18 |       ||   251
       Blink             |       |       |       |       |     2 |       |       |       |       ||     2
       Conjure Ball Ligh |       |       |       |       |     5 |    19 |     4 |     9 |       ||    37
       Iron Shot         |       |       |       |       |       |    13 |    27 |   121 |     3 ||   164
       Orb of Destructio |       |       |       |       |       |       |    90 |    77 |       ||   167
       Disjunction       |       |       |       |       |       |       |     6 |     6 |     1 ||    13
       Summon Hydra      |       |       |       |       |       |       |       |     8 |       ||     8
       Absolute Zero     |       |       |       |       |       |       |       |       |   332 ||   332
       Dragon's Call     |       |       |       |       |       |       |       |       |    20 ||    20
Invok: Curse Item        |       |       |     1 |     6 |     2 |     2 |     4 |     1 |     1 ||    17
       Shatter the Chain |       |       |       |     1 |     1 |     3 |     2 |     2 |     3 ||    12
Evoke: Wand              |       |       |       |       |       |       |     1 |       |     1 ||     2
  Use: Potion            |       |       |     1 |       |     1 |       |       |       |     4 ||     6
       Scroll            |       |       |       |       |       |       |     4 |     1 |     6 ||    11
 Stab: Sleeping          |       |     1 |       |       |       |     1 |       |     1 |       ||     3
       Confused          |       |       |       |       |       |     4 |     4 |       |       ||     8
Armor: Robe              |     6 |     4 |     1 |       |       |       |       |       |       ||    11
       Leather armour    |       |       |     2 |     6 |     7 |    33 |     3 |       |       ||    51
       Chain mail        |       |       |       |       |       |       |       |    36 |    64 ||   100
Dodge: Dodged            |    14 |    16 |    11 |    20 |    31 |   111 |    75 |    36 |    64 ||   378
Block: Other             |       |       |     5 |     1 |       |       |       |       |       ||     6
       Kite shield       |       |       |       |    43 |    95 |   260 |   113 |    98 |   108 ||   717
       Reflection        |       |       |       |     4 |    15 |    23 |    53 |    25 |       ||   120

Table legend: (Time is in decaauts)
 A = Elapsed time spent in this place.
 B = Non-inter-level travel time spent in this place.
 C = Inter-level travel time spent in this place.
 D = Time resting spent in this place.
 E = Time spent auto-exploring this place.
 F = Levels seen in this place.
 G = Mean time per level.
                   A        B        C        D        E       F      G
               +--------+--------+--------+--------+--------+-----+--------+
         Total | 110631 |  96138 |  14493 |  33644 |  43357 |  52 | 2127.5 |
       Dungeon |  29759 |  23686 |   6073 |   6658 |  13262 |  15 | 1983.9 |
          Lair |  13312 |  11487 |   1825 |   2827 |   7064 |   6 | 2218.7 |
        Shoals |   8420 |   7937 |    483 |   3785 |   2465 |   4 | 2105.0 |
   Spider Nest |   6914 |   6661 |    253 |   3335 |   2049 |   4 | 1728.5 |
  Orcish Mines |   4978 |   4576 |    402 |   2693 |   1057 |   2 | 2489.0 |
   Elven Halls |   7948 |   7326 |    622 |   2755 |   2612 |   3 | 2649.3 |
        Vaults |  17424 |  15366 |   2058 |   5627 |   5923 |   5 | 3484.8 |
        Depths |  14442 |  12440 |   2002 |   4505 |   6127 |   5 | 2888.4 |
           Zot |   6442 |   5670 |    772 |   1194 |   2750 |   5 | 1288.4 |
         Trove |    101 |    101 |      0 |      0 |     26 |   1 |  101.0 |
        Bailey |    416 |    416 |      0 |    166 |     22 |   1 |  416.0 |
      Gauntlet |    468 |    468 |      0 |     99 |      0 |   1 |  468.0 |
               +--------+--------+--------+--------+--------+-----+--------+

Top non-repeatable levels by time:
Vaults:1: 5103 daAuts
Vaults:5: 4007 daAuts
Depths:4: 3389 daAuts
Depths:3: 3213 daAuts
   Elf:2: 3125 daAuts
  Lair:1: 3118 daAuts
Depths:5: 3005 daAuts
     D:8: 2992 daAuts
Vaults:2: 2989 daAuts
Shoals:4: 2988 daAuts
   Elf:3: 2935 daAuts
   Orc:2: 2901 daAuts
    D:12: 2838 daAuts
    D:13: 2729 daAuts
  Lair:5: 2724 daAuts
